 Dungeon Crawl Stone Soup version 0.31-a0-703-gcfe89afef6 (webtiles) character file.

Game seed: 10832459101809041306

7200 Skeral the Brooding (level 11, -1/87 HPs)
             Began as a Meteoran Earth Elementalist on Sept 9, 2023.
             Was a Priest of Hepliaklqana.
             Slain by a yak (12 damage)
             ... on level 9 of the Dungeon.
             The game lasted 00:20:15 (3393 turns).

Skeral the Brooding (Meteoran Earth Elementalist)   Turns: 3393, Time: 00:20:16

Health: -1/87      AC:  4    Str: 10    XL:     11   Next: 58%
Magic:  1/22       EV: 14    Int: 21    God:    Hepliaklqana [***...]
Gold:   398        SH:  5    Dex: 15    Spells: 17/23 levels left

rFire   . . .        a - +1 dagger (venom)
rCold   + . .        (no shield)
rNeg    . . .        r - +0 robe
rPois   .            t - +0 helmet
rElec   .            (no cloak)
rCorr   +            D - +0 pair of gloves
SInv    .            (no boots)
Will    +....        v - amulet of reflection
Stlth   +            C - ring of protection from cold
HPRegen 0.34/turn    R - ring of resist corrosion
MPRegen 0.18/turn

%: reflection
@: hasted, glowing, very quick
A: reduced essence, sense surroundings 2, otherworldly, glowing, explore regen
a: Renounce Religion, Recall Ancestor, Ancestor Identity, Transference


You were on level 9 of the Dungeon.
You worshipped Hepliaklqana.
Hepliaklqana was most pleased with you.
You visited 2 branches of the dungeon, and saw 10 of its levels.

You collected 398 gold pieces.


Innate Abilities, Weirdness & Mutations

Your life essence is reduced to manifest your ancestor. (-10% HP)
You passively map the area around you.
You are easily found by Zot.
You glow in the dark.
You regain HP and MP as you explore.


   Skills:
 + Level 9.4 Fighting
 + Level 4.7 Dodging
 - Level 1.4 Stealth
 - Level 1.0 Shields
 + Level 6.9 Spellcasting
 - Level 7.0 Conjurations
 - Level 2.0 Transmutations
 - Level 10.0 Earth Magic
 + Level 10.5 Invocations


You had 17 spell levels left.
You knew the following spells:

 Your Spells              Type           Power      Damage    Failure   Level
a - Stone Arrow           Conj/Erth      84%        3d12      1%          3
p - Passwall              Tmut/Erth      26%        N/A       1%          2
s - Sandblast             Erth           98%        2d20      1%          1

Your spell library contained the following spells:

 Spells                   Type           Power      Damage    Failure   Level
 Magic Dart               Conj           100%       1d8       1%          1
 Petrify                  Tmut/Erth      32%        N/A       8%          4
 Summon Small Mammal      Summ           28%        N/A       9%          1
 Mephitic Cloud           Conj/Pois/Air  17%        N/A       11%         3
 Call Imp                 Summ           14%        N/A       14%         2
 Poisonous Vapours        Pois/Air       14%        N/A       14%         2
 Call Canine Familiar     Summ           7%         N/A       26%         3
 Summon Guardian Golem    Hex/Summ       7%         N/A       26%         3
 Freezing Cloud           Conj/Ice/Air   8%         6-21      67%         5

Inventory:

Hand Weapons
 a - a +1 dagger of venom (weapon)
   (You took it off a goblin on level 4 of the Dungeon)
 b - a +0 trident
   (You found it on level 2 of the Dungeon)
 l - the +0 mace of Toqagimi {flame, Int+3}
   (You found it on level 8 of the Dungeon)

   Int+3:     It affects your intelligence (+3).
Missiles
 i - 2 curare-tipped darts {=f}
 j - 7 poisoned darts
 A - a throwing net {=f!f}
 E - 6 boomerangs
Armour
 r - a +0 robe (worn)
 t - a +0 helmet (worn)
   (You took it off Robin on level 4 of the Dungeon)
 D - a +0 pair of gloves (worn)
   (You found it on level 7 of the Dungeon)
Jewellery
 v - an amulet of reflection (around neck)
   (You found it on level 5 of the Dungeon)
 C - a ring of protection from cold (left hand)
   (You found it on level 4 of the Dungeon)
 R - a ring of resist corrosion (right hand)
   (You found it on level 4 of the Dungeon)
Wands
 G - a wand of digging (2)
   (You found it on level 8 of the Dungeon)
Scrolls
 c - 2 scrolls of blinking {unknown}
 d - a scroll of fear {unknown}
 e - 2 scrolls of immolation {unknown}
 h - 3 scrolls of revelation
 m - 3 scrolls of enchant weapon {unknown}
 o - 2 scrolls of teleportation {@r4}
 p - a scroll of brand weapon
 q - 2 scrolls of torment {!r}
 s - a scroll of poison {!r}
 x - a scroll of amnesia
 y - a scroll of enchant armour {unknown}
 F - a scroll of fog {unknown}
Potions
 f - 2 potions of heal wounds {unknown}
 g - 2 potions of attraction {unknown}
 k - a potion of magic
 n - a potion of cancellation {unknown}
 w - a potion of curing {@q1}
 z - a potion of mutation {unknown}
 B - a potion of ambrosia {unknown}

Dungeon Overview and Level Annotations

Branches:
Dungeon (9/15) Zot: 1928   Temple (1/1) D:6 Zot: 598
   Lair: D:8-11         Orc: D:9-12

Altars:
Cheibriados
Elyvilon
Fedhas
Gozag
Hepliaklqana
Kikubaaqudgha
Makhleb
Nemelex Xobeh
Okawaru
Qazlal
Ru
Sif Muna
Trog
Uskayaw
Vehumet
Wu Jian
Xom
Yredelemnul
The Shining One

Shops:
D:4 [ D:7

*
###..†............##.#
#.......
#....†..........###..#
#......)
......###....##### #..#
#..†)). ..#### ##...##
#..# #.).)†. # #....##
#..## #....## ##.....##
##...###.R.##
#....RY.####..÷......##
#..##..>Y...........##
#..#####.@...........#
*#..#* ##............##
#.[# #########....)####
* ..# ##............ *
, * * ##..........†..
,, , , #........######
, , ,, , #........# , *
#........# , , ,, , , *
##.......#


You could see the friendly Sunngifu the knight and 2 yaks.


Message History

Sunngifu barely misses the yak. 😕 HP[-15] MP[-3]
You take 15 damage, and now have 72/87 hp.
You lost 3 mp, and now have 12/21 mp.
Casting: Stone Arrow (safe; 1% risk of failure)
Confirm with . or Enter, or press ? or * to list all spells.
Aiming: Stone Arrow (safe; 1% risk of failure)
Press: ? - help, Shift-Dir - straight line, f/p - yak
Aim: a yak (heavily wounded, 85% to hit)
The stone arrow hits the yak!!
You kill the yak! 😕 MP[-3]
You lost 3 mp, and now have 9/22 mp.
You hit the yak but do no damage.
The yak is poisoned.
Sunngifu hits the yak with a +0 flail!!
You hit the yak but do no damage.
The yak is poisoned.
The yak gores you! The yak barely misses you.
The yak completely misses you. 😮 HP[-9]
You take 9 damage, and now have 63/87 hp.
You barely miss the yak.
Sunngifu barely misses the yak.
The yak gores you but does no damage. x2; You block the yak's attack. 😮 MP[+1] 😮 MP[+1]
The yak attacks as it pursues you! The yak gores you. 😕 HP[+3]
You regained 3 hp, and now have 66/87 hp.
The yak gores Sunngifu.
The yak attacks as it pursues you! The yak completely misses you. 😕 HP[+1]
The yak attacks as it pursues you! The yak closely misses you. 😕 HP[+1]
Casting: Stone Arrow (safe; 1% risk of failure)
Confirm with . or Enter, or press ? or * to list all spells.
Aiming: Stone Arrow (safe; 1% risk of failure)
Press: ? - help, Shift-Dir - straight line, f - yak
Aim: a yak (85% to hit)
The stone arrow hits the yak!!
The yak gores you but does no damage. The yak gores you! 😮 HP[-9] MP[-3]
You take 9 damage, and now have 59/87 hp.
You lost 3 mp, and now have 8/22 mp.
Casting: Stone Arrow (safe; 1% risk of failure)
Confirm with . or Enter, or press ? or * to list all spells.
Aiming: Stone Arrow (safe; 1% risk of failure)
Press: ? - help, Shift-Dir - straight line, f/p - yak
Aim: a yak (heavily wounded, 85% to hit)
The stone arrow hits the yak!
The yak gores you!
Sunngifu hits the yak but does no damage.
The yak gores Sunngifu.
The yak gores you. x2
* * * LOW HITPOINT WARNING * * *
😨 HP[-20] MP[-2]
You take 20 damage, and now have 39/87 hp.
MASSIVE DAMAGE!! (PAUSE)
You lost 2 mp, and now have 6/22 mp.
The yak attacks as it pursues you! The yak closely misses you.
The yak gores you but does no damage. 😨 HP[+1]
Casting: Stone Arrow (safe; 1% risk of failure)
Confirm with . or Enter, or press ? or * to list all spells.
Aiming: Stone Arrow (safe; 1% risk of failure)
Press: ? - help, Shift-Dir - straight line, f/p - yak
Aim: a yak (severely wounded, 85% to hit)
The stone arrow hits the yak!
You kill the yak!
The yak gores you!
* * * LOW HITPOINT WARNING * * *
Sunngifu hits the yak with a +0 flail. 😨 HP[-9] MP[-3]
You take 9 damage, and now have 31/87 hp.
You lost 3 mp, and now have 3/22 mp. 😨 HP[+1]
Casting: Stone Arrow (safe; 1% risk of failure)
Confirm with . or Enter, or press ? or * to list all spells.
Aiming: Stone Arrow (safe; 1% risk of failure)
Press: ? - help, Shift-Dir - straight line, f - yak
Aim: a yak (severely wounded, poisoned, 85% to hit)
The stone arrow hits the yak!!
You kill the yak!
The yak gores you!
* * * LOW HITPOINT WARNING * * *
😨 HP[-9] MP[-3]
You take 9 damage, and now have 23/87 hp.
You lost 3 mp, and now have 0/22 mp.
You hit the yak.
The yak looks as sick as possible!
Sunngifu hits the yak but does no damage.
The yak misses you.
The yak gores Sunngifu but does no damage. 😨 MP[+1]
The yak attacks as it pursues you! The yak gores you!
* * * LOW HITPOINT WARNING * * *
There is a stone staircase leading down, spattered with blood here. 😱 HP[-12]
You take 12 damage, and now have 11/87 hp.
Okay, then.
You feel yourself speed up. The yak gores you but does no damage.
The yak gores you.
* * * LOW HITPOINT WARNING * * *
Sunngifu hits the yak with a +0 flail!
The yak attacks as it pursues you! The yak gores you!
You die...

Skill      XL: |  1  2  3  4  5  6  7  8  9 10 11 |
---------------+----------------------------------+-----
Spellcasting   | 3 4 5 6 |  6.9
Fighting       | 1 2 3 4 6 8 9 |  9.4
Earth Magic    | 4 5 6 8 9 10 | 10.0
Conjurations   | 1 2 3 4 5 6 7 |  7.0
Transmutations | 2 |  2.0
Invocations    | 1 2 3 5 7 9 10 | 10.5
Shields        | 1 |  1.0
Dodging        | 4 |  4.7
Stealth        | |  1.4

Action                     |  1- 3 |  4- 6 |  7- 9 | 10-12 || total
---------------------------+-------+-------+-------+-------++-------
  Melee: Unarmed           |     2 |     9 |       |       ||    11
         Dagger            |       |       |    23 |    46 ||    69
         Punch             |       |       |       |     1 ||     1
   Cast: Sandblast         |    35 |    54 |    38 |    35 ||   162
         Passwall          |     1 |     2 |     5 |     3 ||    11
         Stone Arrow       |       |     5 |    41 |    67 ||   113
 Invoke: Recall Ancestor   |       |     1 |     2 |     2 ||     5
         Ancestor Life: Kn |       |     1 |       |       ||     1
         Idealise          |       |       |       |     1 ||     1
         Transference      |       |       |       |     1 ||     1
    Use: Scroll            |       |       |       |     8 ||     8
         Potion            |       |       |       |     3 ||     3
   Stab: Distracted        |       |       |     1 |     1 ||     2
 Armour: Robe              |    15 |    24 |    40 |    69 ||   148
  Dodge: Dodged            |    12 |    31 |    46 |    73 ||   162
  Block: Other             |       |       |    12 |    21 ||    33
         Reflection        |       |       |       |     3 ||     3

Levels and vault maps discovered:
D:1:      roderic_chinese_lattice_arrival, layout_basic, minmay_misc_feat_x,
          feat_on_display
D:2:      minmay_roachtagon, layout_loops_ring, basic_ecumenical_altar
D:3:      layout_rooms
D:4:      layout_basic, serial_shops, nicolae_inconvenience_store,
          amethyst_killhole, minmay_surrounded, uniq_blork_the_orc,
          uniq_grinder, uniq_robin, uniq_eustachio
D:5:      layout_gridville, uniq_crazy_yiuf_cottage
D:6:      layout_basic, minmay_temple_entry_mist, minmay_manual_mares
D:7:      layout_loops_corners, lemuel_zombie_altar_yredelemnul,
          minmay_overflow_temple_star_quad,
          nicolae_overflow_macrodata_refinement, serial_shops, shop,
          serial_glass, glass_columns_c, glass_columns_b
D:8:      layout_rooms, serial_glass, glass_columns_b, glass_columns_a,
          glass_columns_b, glass_columns_a
D:9:      layout_layer_cave, skrybe_limestone_x
Temple:   eino_narrow_crystal_temple

Notes
Turn   | Place    | Note
-------+----------+-------------------------------------------
     0 | D:1      | Skeral the Meteoran Earth Elementalist began the quest for
                  | the Orb.
     0 | D:1      | Reached XP level 1. HP: 14/14 MP: 5/5
     0 | D:1      | magus.rc [v1.10.3]
   117 | D:1      | Reached XP level 2. HP: 22/22 MP: 4/6
   198 | D:1      | Reached skill level 3 in Spellcasting
   201 | D:1      | Learned a level 2 spell: Passwall
   210 | D:1      | Reached skill level 1 in Fighting
   210 | D:1      | You pick up a book of Callings and begin reading...
   210 | D:1      | You add the spells Summon Small Mammal, Call Canine
                  | Familiar and Summon Guardian Golem to your library.
   379 | D:2      | Found a faded altar of an unknown god.
   389 | D:2      | Prayed at the altar of an unknown god.
   389 | D:2      | Became a worshipper of Hepliaklqana the Forgotten
   389 | D:2      | Reached * piety under Hepliaklqana
   398 | D:2      | Reached XP level 3. HP: 25/25 MP: 5/8
   409 | D:2      | Reached skill level 4 in Earth Magic
   489 | D:2      | Learned a level 3 spell: Stone Arrow
   534 | D:2      | Reached skill level 1 in Conjurations
   534 | D:2      | Reached XP level 4. HP: 18/31 MP: 2/10
   756 | D:2      | Reached skill level 2 in Transmutations
   783 | D:3      | Reached skill level 2 in Fighting
   783 | D:3      | Reached XP level 5. HP: 17/36 MP: 4/11
   836 | D:3      | Reached skill level 2 in Conjurations
   856 | D:3      | Reached ** piety under Hepliaklqana
   859 | D:3      | Remembered your ancestor Sunngifu as a knight
   895 | D:3      | Reached skill level 4 in Spellcasting
   918 | D:4      | Reached skill level 1 in Invocations
   918 | D:4      | Reached XP level 6. HP: 40/45 MP: 8/13
   991 | D:4      | Noticed Blork the orc
   996 | D:4      | Killed Blork the orc
   997 | D:4      | Reached skill level 5 in Earth Magic
  1020 | D:4      | Reached skill level 3 in Fighting
  1020 | D:4      | Reached skill level 3 in Conjurations
  1020 | D:4      | Reached skill level 2 in Invocations
  1020 | D:4      | Reached XP level 7. HP: 51/51 MP: 7/14
  1026 | D:4      | Noticed Eustachio
  1038 | D:4      | Killed Eustachio
  1047 | D:4      | You pick up a book of Vapours and begin reading...
  1047 | D:4      | You add the spells Poisonous Vapours, Mephitic Cloud and
                  | Freezing Cloud to your library.
  1050 | D:4      | Found Ciplihen's Armour Emporium.
  1232 | D:4      | Noticed Robin
  1239 | D:4      | Killed Robin
  1270 | D:4      | Reached skill level 5 in Spellcasting
  1270 | D:4      | Reached skill level 3 in Invocations
  1376 | D:4      | Noticed Grinder
  1380 | D:4      | Killed Grinder
  1381 | D:4      | Reached skill level 4 in Fighting
  1381 | D:4      | Reached skill level 4 in Conjurations
  1381 | D:4      | Reached XP level 8. HP: 59/59 MP: 9/16
  1419 | D:4      | Reached skill level 6 in Earth Magic
  1419 | D:4      | Reached skill level 4 in Invocations
  1511 | D:5      | Entered Level 5 of the Dungeon
  1520 | D:5      | Reached *** piety under Hepliaklqana
  1722 | D:5      | Reached skill level 5 in Conjurations
  1806 | D:5      | You pick up a book of Minor Magic and begin reading...
  1806 | D:5      | You add the spells Magic Dart and Call Imp to your library.
  1886 | D:6      | Reached skill level 5 in Invocations
  1886 | D:6      | Gained mutation: You passively map the area around you.
                  | [Meteoran growth]
  1886 | D:6      | Reached XP level 9. HP: 65/65 MP: 15/17
  1892 | D:6      | Reached skill level 5 in Fighting
  1896 | D:6      | Reached skill level 7 in Earth Magic
  1946 | D:6      | Found a staircase to the Ecumenical Temple.
  1954 | Temple   | Entered the Ecumenical Temple
  1981 | D:6      | Reached skill level 6 in Conjurations
  2000 | D:6      | Reached skill level 6 in Invocations
  2051 | D:6      | Reached skill level 6 in Fighting
  2065 | D:6      | Reached skill level 8 in Earth Magic
  2074 | D:6      | Reached skill level 7 in Invocations
  2074 | D:6      | Reached XP level 10. HP: 61/75 MP: 1/18
  2088 | D:6      | Reached skill level 7 in Conjurations
  2419 | D:7      | Reached skill level 7 in Fighting
  2472 | D:7      | Found a radiant altar of Vehumet.
  2472 | D:7      | Found a hide-covered altar of Uskayaw.
  2479 | D:7      | Found a shimmering blue altar of Sif Muna.
  2481 | D:7      | Found a snail-covered altar of Cheibriados.
  2507 | D:7      | Reached **** piety under Hepliaklqana
  2513 | D:7      | Reached skill level 8 in Invocations
  2513 | D:7      | Found a basalt altar of Yredelemnul.
  2655 | D:8      | Identified the +0 mace of Toqagimi {flame, Int+3}
  2665 | D:8      | Reached skill level 9 in Earth Magic
  2800 | D:8      | Reached skill level 9 in Invocations
  2802 | D:8      | Reached skill level 8 in Fighting
  2926 | D:7      | Found Xatykh's General Store.
  3079 | D:9      | You pick up a book of Geomancy and begin reading...
  3098 | D:9      | Reached skill level 1 in Shields
  3101 | D:9      | Reached XP level 11. HP: 84/84 MP: 3/19
  3118 | D:9      | Noticed a two-headed ogre
  3123 | D:9      | Killed a two-headed ogre
  3124 | D:9      | Reached skill level 3 in Dodging
  3124 | D:9      | Reached skill level 10 in Earth Magic
  3140 | D:9      | Reached skill level 6 in Spellcasting
  3149 | D:9      | Reached skill level 9 in Fighting
  3149 | D:9      | Reached skill level 10 in Invocations
  3157 | D:9      | HP: 18/87 [yak (7)]
  3159 | D:9      | Reached skill level 4 in Dodging
  3289 | D:9      | HP: 20/87 [orc warrior/+0 glaive (9)]
  3391 | D:9      | HP: 11/87 [yak (12)]
  3393 | D:9      | Slain by a yak

Vanquished Creatures
  A two-headed ogre (D:9)
  Grinder (D:4)
  10 yaks (D:9)
  Eustachio (D:4)
  A steam dragon (D:8)
  2 water moccasins
  2 ice beasts
  2 orc warriors
  2 black bears
  A sky beast (D:7)
  2 centaurs (D:6)
  A phantom (D:6)
  3 bullfrogs
  A kobold brigand (D:8)
  Blork the orc (D:4)
  A gnoll sergeant (D:8)
  3 scorpions
  10 wights
  8 killer bees
  A howler monkey (D:4)
  A bullfrog zombie (D:7)
  A centaur zombie (D:7)
  2 jellies (D:6)
  3 orc priests
  2 gnoll boudas
  2 hounds
  A sleepcap (D:6)
  5 iguanas
  11 gnolls
  6 adders
  3 worms
  2 dart slugs
  11 orcs
  3 ball pythons
  6 bats
  An endoplasm (D:2)
  6 giant cockroaches
  11 goblins
  9 hobgoblins
  A jackal (D:3)
  2 quokkas
  7 kobolds
  8 rats
158 creatures vanquished.

Vanquished Creatures (collateral kills)
  A hornet (D:8)
  3 yaks (D:9)
  A steam dragon (D:7)
  A water moccasin (D:6)
  An orc warrior (D:9)
  A kobold brigand (D:8)
  3 wights
  3 killer bees
  A howler monkey (D:4)
  A hound (D:6)
  A jelly (D:8)
  An orc priest (D:3)
  Robin (D:4)
  3 gnolls
  A worm (D:2)
  8 orcs
  A bat (D:3)
  5 giant cockroaches
  3 goblins
  2 hobgoblins (D:4)
  2 jackals (D:3)
  4 kobolds
48 creatures vanquished.

Vanquished Creatures (others)
  2 knights
  A kobold (D:8)
3 creatures vanquished.

Grand Total: 209 creatures vanquished

Table legend:
 A = Non-vault XP
 B = Vault XP
 C = Vault XP percentage of total XP
 D = Non-vault monster count
 E = Vault monster count
 F = Vault count percentage of total count
                 A         B        C        D         E       F
            +---------+---------+-------+---------+---------+-------
      Total |    9256 |    1031 |  10.0 |     175 |      31 |  15.0
            +---------+---------+-------+---------+---------+-------
        D:1 |      23 |       0 |   0.0 |      14 |       0 |   0.0
        D:2 |      57 |      18 |  24.0 |      16 |       9 |  36.0
        D:3 |      98 |       0 |   0.0 |      21 |       0 |   0.0
        D:4 |     368 |     686 |  65.1 |      14 |      18 |  56.2
        D:5 |     331 |       0 |   0.0 |      15 |       0 |   0.0
        D:6 |    1747 |     233 |  11.8 |      30 |       2 |   6.2
        D:7 |     899 |      94 |   9.5 |       8 |       2 |  20.0
        D:8 |    1640 |       0 |   0.0 |      30 |       0 |   0.0
        D:9 |    4093 |       0 |   0.0 |      27 |       0 |   0.0
            +---------+---------+-------+---------+---------+-------

Skill      XL: |  1  2  3  4  5  6  7  8  9 10 11 |
---------------+----------------------------------+-----
Spellcasting   | 3 4 5 6 |  6.9
Fighting       | 1 2 3 4 6 8 9 |  9.4
Earth Magic    | 4 5 6 8 9 10 | 10.0
Conjurations   | 1 2 3 4 5 6 7 |  7.0
Transmutations | 2 |  2.0
Invocations    | 1 2 3 5 7 9 10 | 10.5
Shields        | 1 |  1.0
Dodging        | 4 |  4.7
Stealth        | |  1.4

Action                     |  1- 3 |  4- 6 |  7- 9 | 10-12 || total
---------------------------+-------+-------+-------+-------++-------
  Melee: Unarmed           |     2 |     9 |       |       ||    11
         Dagger            |       |       |    23 |    46 ||    69
         Punch             |       |       |       |     1 ||     1
   Cast: Sandblast         |    35 |    54 |    38 |    35 ||   162
         Passwall          |     1 |     2 |     5 |     3 ||    11
         Stone Arrow       |       |     5 |    41 |    67 ||   113
 Invoke: Recall Ancestor   |       |     1 |     2 |     2 ||     5
         Ancestor Life: Kn |       |     1 |       |       ||     1
         Idealise          |       |       |       |     1 ||     1
         Transference      |       |       |       |     1 ||     1
    Use: Scroll            |       |       |       |     8 ||     8
         Potion            |       |       |       |     3 ||     3
   Stab: Distracted        |       |       |     1 |     1 ||     2
 Armour: Robe              |    15 |    24 |    40 |    69 ||   148
  Dodge: Dodged            |    12 |    31 |    46 |    73 ||   162
  Block: Other             |       |       |    12 |    21 ||    33
         Reflection        |       |       |       |     3 ||     3

Illustrated notes

Table legend:
 A = Kills in this place as a percentage of kills in the entire game.
 B = Kills by you in this place as a percentage of kills by you in the entire game.
 C = Kills by friends in this place as a percentage of kills by friends in the entire game.
 D = Other kills in this place as a percentage of other kills in the entire game.
 E = Experience gained in this place as a percentage of experience gained in the entire game.
 F = Experience gained in this place divided by the number of levels of this place that you have seen.
                   A       B       C       D       E      F
               +-------+-------+-------+-------+-------+----------------------
         Total | 100.0 | 100.0 | 100.0 |   N/A | 100.0 | 1028.7
       Dungeon | 100.0 | 100.0 | 100.0 |   N/A | 100.0 | 1143.0
               +-------+-------+-------+-------+-------+----------------------

Table legend: (Time is in decaauts)
 A = Elapsed time spent in this place.
 B = Non-inter-level travel time spent in this place.
 C = Inter-level travel time spent in this place.
 D = Time resting spent in this place.
 E = Time spent auto-exploring this place.
 F = Levels seen in this place.
 G = Mean time per level.
                   A        B        C        D        E       F      G
               +--------+--------+--------+--------+--------+-----+--------+
         Total |   3472 |   3099 |    373 |     44 |      0 |  10 |  347.2 |
       Dungeon |   3471 |   3098 |    373 |     44 |      0 |   9 |  385.7 |
        Temple |      1 |      1 |      0 |      0 |      0 |   1 |    1.0 |
               +--------+--------+--------+--------+--------+-----+--------+

Top non-repeatable levels by time:
     D:4: 611 daAuts
     D:6: 446 daAuts
     D:2: 411 daAuts
     D:7: 410 daAuts
     D:1: 387 daAuts
     D:8: 385 daAuts
     D:5: 341 daAuts
     D:9: 328 daAuts
     D:3: 149 daAuts
  Temple: 1 daAuts
